 Dungeon Crawl Stone Soup version 0.22.0-81-g402daae900 (webtiles) character file.

143 JedernureinKreuz the Conjurer (level 5, -2/37 HPs)
             Began as a Gnoll Conjurer on Sept 16, 2018.
             Slain by a worker ant (5 damage)
             ... on level 3 of the Dungeon.
             The game lasted 00:08:55 (1878 turns).

JedernureinKreuz the Conjurer (Gnoll Conjurer)      Turns: 1878, Time: 00:08:56

Health: -2/37      AC:  3    Str: 10    XL:     5   Next: 25%
Magic:  3/12       EV: 13    Int: 19    God:
Gold:   118        SH:  4    Dex: 15    Spells: 6/14 levels left

rFire    . . .     SeeInvis .   f - +0 short sword
rCold    . . .     Gourm    .   o - +0 buckler
rNeg     . . .     Faith    .   s - +0 leather armour
rPois    .         Spirit   .   (no helmet)
rElec    .         Reflect  .   (no cloak)
rCorr    .         Harm     .   (no gloves)
MR       .....                  (no boots)
Stlth    +++.......             (no amulet)
HPRegen  0.12/turn              (no ring)
MPRegen  0.13/turn              (no ring)

@: lethally poisoned (-2 -> -11), very slightly contaminated
A: distributed training, fangs 1, strong nose
a: no special abilities


You were on level 3 of the Dungeon.
You were not hungry.

You visited 1 branch of the dungeon, and saw 3 of its levels.

You collected 118 gold pieces.

Inventory:

Hand Weapons
 f - a +0 short sword (weapon)
Missiles
 g - 19 arrows
 p - 37 sling bullets
Armour
 a - a +0 robe
 o - a +0 buckler (worn)
 s - a +0 leather armour (worn)
Jewellery
 l - a cursed ring of magical power {unknown}
Scrolls
 d - a scroll of enchant armour {unknown}
 h - 2 scrolls of teleportation
Potions
 b - a potion of lignification {unknown}
 i - a potion of mutation {unknown}
 j - 2 potions of curing {unknown}
 n - a potion of heal wounds {unknown}
 r - a potion of berserk rage {unknown}
Comestibles
 c - 6 rations
 m - 8 chunks of flesh


   Skills:
 + Level 1.4 Fighting
 + Level 1.4 Short Blades
 + Level 1.4 Long Blades
 + Level 1.4 Axes
 + Level 1.4 Maces & Flails
 + Level 1.4 Polearms
 + Level 1.4 Staves
 + Level 1.4 Slings
 + Level 1.4 Bows
 + Level 1.4 Crossbows
 + Level 1.4 Throwing
 + Level 1.4 Armour
 + Level 4.7 Dodging
 + Level 4.3 Stealth
 + Level 1.4 Shields
 + Level 1.4 Unarmed Combat
 + Level 5.1 Spellcasting
 + Level 7.2 Conjurations
 + Level 1.1 Hexes
 + Level 1.1 Charms
 + Level 1.1 Summonings
 + Level 1.1 Necromancy
 + Level 1.1 Translocations
 + Level 1.1 Transmutations
 + Level 1.1 Fire Magic
 + Level 1.1 Ice Magic
 + Level 1.1 Air Magic
 + Level 1.1 Earth Magic
 + Level 1.1 Poison Magic
 + Level 1.5 Invocations
 + Level 1.4 Evocations


You had 6 spell levels left.
You knew the following spells:

 Your Spells              Type           Power        Failure   Level  Hunger
a - Magic Dart            Conj           ####         1%          1    None
b - Iskenderun's Mystic   Conj           ####....     12%         4    ####...
c - Dazzling Spray        Conj/Hex       ###...       12%         3    ##.....

Your spell library contained the following spells:

 Spells                   Type           Power        Failure   Level  Hunger
 Searing Ray              Conj           ####..       1%          2    #......
 Force Lance              Conj/Tloc      ###.....     38%         4    ####...
 Fulminant Prism          Conj/Hex       ###.......   38%         4    ####...


Dungeon Overview and Level Annotations

Branches:
Dungeon (3/15)

Altars:
Zin


Innate Abilities, Weirdness & Mutations

Your experience applies equally to all skills.
You have very sharp teeth.
Your uncanny sense of smell can sniff out nearby items.


Message History

Casting: Magic Dart (safe; 1% risk of failure)
Confirm with . or Enter, or press ? or * to list all spells.
Aiming: Magic Dart (safe; 1% risk of failure)
Press: ? - help, Shift-Dir - straight line, f/p - worker ant
Aim: a worker ant (moderately wounded)
The magic dart hits the worker ant.
The worker ant is moderately wounded.
* * * LOW HITPOINT WARNING * * *
You feel sick. The worker ant bites you.
* * * LOW HITPOINT WARNING * * *
Casting: Magic Dart (safe; 1% risk of failure)
Confirm with . or Enter, or press ? or * to list all spells.
Aiming: Magic Dart (safe; 1% risk of failure)
Press: ? - help, Shift-Dir - straight line, f/p - worker ant
Aim: a worker ant (moderately wounded)
The magic dart hits the worker ant.
The worker ant is severely wounded.
* * * LOW HITPOINT WARNING * * *
You feel sick. The worker ant bites you.
You die...

######### ##### #
........##########...# .
.......##.......#...## .
#...@........'...>#
#..a.........#+###### #
#......######........ #
#......# #.......... +
.._...†......# #..........
......#.+########...##'...÷
......#.. #........###'....
....! #.. #................
##.## #..##................


You could see a worker ant.

Vanquished Creatures
  3 gnolls (D:2)
  2 adders
  3 worms
  2 dart slugs
  7 leopard geckos
  An orc (D:3)
  4 giant cockroaches
  9 goblins
  7 hobgoblins
  9 jackals
  9 kobolds
  A quokka (D:2)
  A ball python (D:2)
  5 bats
  2 frilled lizards (D:2)
  6 rats
71 creatures vanquished.

Notes
Turn   | Place    | Note
-------+----------+-------------------------------------------
     0 | D:1      | JedernureinKreuz the Gnoll Conjurer began the quest for the
                  | Orb.
     0 | D:1      | Reached XP level 1. HP: 13/13 MP: 6/6
   157 | D:1      | Reached XP level 2. HP: 16/19 MP: 5/7
   459 | D:1      | Reached XP level 3. HP: 25/25 MP: 9/9
   600 | D:2      | Reached skill level 5 in Spellcasting
   701 | D:2      | Reached skill level 1 in Invocations
   738 | D:2      | Reached skill level 1 in Fighting
   738 | D:2      | Reached skill level 1 in Short Blades
   738 | D:2      | Reached skill level 1 in Long Blades
   738 | D:2      | Reached skill level 1 in Axes
   738 | D:2      | Reached skill level 1 in Maces & Flails
   738 | D:2      | Reached skill level 1 in Polearms
   738 | D:2      | Reached skill level 1 in Staves
   738 | D:2      | Reached skill level 1 in Slings
   738 | D:2      | Reached skill level 1 in Bows
   738 | D:2      | Reached skill level 1 in Crossbows
   738 | D:2      | Reached skill level 1 in Throwing
   738 | D:2      | Reached skill level 1 in Armour
   738 | D:2      | Reached skill level 1 in Shields
   738 | D:2      | Reached skill level 1 in Unarmed Combat
   738 | D:2      | Reached skill level 1 in Evocations
   774 | D:2      | Reached XP level 4. HP: 32/32 MP: 0/11
   875 | D:2      | Learned a level 4 spell: Iskenderun's Mystic Blast
   879 | D:2      | Learned a level 3 spell: Dazzling Spray
  1102 | D:2      | Reached skill level 1 in Hexes
  1102 | D:2      | Reached skill level 1 in Charms
  1102 | D:2      | Reached skill level 1 in Summonings
  1102 | D:2      | Reached skill level 1 in Necromancy
  1102 | D:2      | Reached skill level 1 in Translocations
  1102 | D:2      | Reached skill level 1 in Transmutations
  1102 | D:2      | Reached skill level 1 in Fire Magic
  1102 | D:2      | Reached skill level 1 in Ice Magic
  1102 | D:2      | Reached skill level 1 in Air Magic
  1102 | D:2      | Reached skill level 1 in Earth Magic
  1102 | D:2      | Reached skill level 1 in Poison Magic
  1673 | D:3      | Reached XP level 5. HP: 35/37 MP: 12/12
  1845 | D:3      | Found a glowing silver altar of Zin.
  1878 | D:3      | Slain by a worker ant

Skill      XL: |  1  2  3  4 |
---------------+-------------+-----
Spellcasting   | 5 |  5.1
Invocations    | 1 |  1.5
Fighting       | 1 |  1.4
Short Blades   | 1 |  1.4
Long Blades    | 1 |  1.4
Axes           | 1 |  1.4
Maces & Flails | 1 |  1.4
Polearms       | 1 |  1.4
Staves         | 1 |  1.4
Slings         | 1 |  1.4
Bows           | 1 |  1.4
Crossbows      | 1 |  1.4
Throwing       | 1 |  1.4
Armour         | 1 |  1.4
Shields        | 1 |  1.4
Unarmed Combat | 1 |  1.4
Evocations     | 1 |  1.4
Hexes          | 1 |  1.1
Charms         | 1 |  1.1
Summonings     | 1 |  1.1
Necromancy     | 1 |  1.1
Translocations | 1 |  1.1
Transmutations | 1 |  1.1
Fire Magic     | 1 |  1.1
Ice Magic      | 1 |  1.1
Air Magic      | 1 |  1.1
Earth Magic    | 1 |  1.1
Poison Magic   | 1 |  1.1
Dodging        | |  4.7
Stealth        | |  4.3
Conjurations   | |  7.2

Action                   |  1- 3 |  4- 6 || total
-------------------------+-------+-------++-------
Melee: Unarmed           |     5 |       ||     5
       Bite              |     3 |     5 ||     8
       Short sword       |    10 |    58 ||    68
 Cast: Magic Dart        |    48 |    70 ||   118
  Use: Scroll            |       |     6 ||     6
 Stab: Sleeping          |     2 |       ||     2
  Eat: Chunk             |       |     3 ||     3
Armor: Robe              |     1 |       ||     1
       Leather armour    |       |     5 ||     5
Dodge: Dodged            |     9 |    49 ||    58
Block: Buckler           |       |    12 ||    12
